 Dungeon Crawl Stone Soup version 0.19-a0-1185-gacb3972 (webtiles) character file.

12 Ijustatesigmund the Skirmisher (level 2, 0/36 HPs)
             Began as a Demonspawn Berserker on Aug 18, 2016.
             Was a Follower of Trog.
             Slain by Ijyb
             ... wielding a +4 dagger of draining
              (5 damage)
             ... on level 1 of the Dungeon.
             The game lasted 00:01:28 (587 turns).

Ijustatesigmund the Skirmisher (DsBe)                Turns: 587, Time: 00:01:29

Health: 0/36       AC:  3    Str: 22    XL:     2   Next: 20%
Magic:  2/2        EV: 11    Int:  8    God:    Trog [*.....]
Gold:   50         SH:  0    Dex: 12    Spells: 0 memorised, 1 level left

rFire  + . .     SeeInvis .     a - +0 hand axe
rCold  . . .     Gourm    .     b - +1 animal skin
rNeg   . . .     Faith    .     (no shield)
rPois  .         Spirit   .     (no helmet)
rElec  .         Dismiss  .     (no cloak)
rCorr  .         Reflect  .     (no gloves)
MR     .....     Harm     .     (no boots)
Stlth  ..........               (no amulet)
                                (no ring)
                                i - ring of protection from fire

@: berserking, drained, very quick
A: claws 1
a: Berserk, Burn Spellbooks, Renounce Religion


You were on level 1 of the Dungeon.
You worshipped Trog.
Trog was aware of your devotion.
You were not hungry.

You visited 1 branch of the dungeon, and saw 2 of its levels.

You collected 50 gold pieces.

Inventory:

Hand Weapons
 a - a +0 hand axe (weapon)
Armour
 b - a +1 animal skin (worn)
Jewellery
 i - a ring of protection from fire (left claw)
Scrolls
 d - a scroll of identify
 e - a scroll of teleportation
 g - a scroll of remove curse
 j - a scroll of fear {unknown}
Comestibles
 c - 3 bread rations
 f - a slice of pizza
 h - a beef jerky


   Skills:
 + Level 3.5(2.5) Fighting
 + Level 2.8(1.7) Axes
 + Level 1.8(0.8) Armour
 + Level 1.7(0.7) Dodging


You had one spell level left.
You didn't know any spells.

Dungeon Overview and Level Annotations

Branches:
Dungeon (2/15)

Altars:

Annotations:
D:1 Ijyb, Terence


Innate Abilities, Weirdness & Mutations

You have sharp fingernails.


Message History

Ijyb hits you with a dagger of draining.
You feel drained.
* * * LOW HITPOINT WARNING * * *
You are too injured to fight recklessly!
You are too injured to fight recklessly!
You are too injured to fight recklessly!
You are too injured to fight recklessly!
You are too injured to fight recklessly!
You are too injured to fight recklessly!
You are too injured to fight recklessly!
You are too injured to fight recklessly!
You slash Ijyb!
Ijyb is almost dead.
You hit Terence. Terence hits you with a mace.
* * * LOW HITPOINT WARNING * * *
You slash Terence!
Terence is almost dead.
You barely miss Ijyb.
Ijyb hits you with a dagger of draining.
You die...

.........).........# #....###
.##.............#### #....'..
..............### ######....##.
..#...........# ####.......#....
..#...........# #..........##...
..............####...............
..............#.......)....##....
..............#g.......#...#.....
..............#(@..........#.....
....).........#..@####.....#.....
..........#....).....#...........
..#................#.#..........#
...................#.#...........
...................#......#......
.....##..........###....###......
.....##.....(...####.............
...(.รท....#........'.....#.......


You could see Ijyb and Terence.

Vanquished Creatures
  An ooze (D:1)
  3 goblins (D:1)
  2 hobgoblins (D:1)
  A giant newt (D:1)
  A kobold (D:1)
8 creatures vanquished.

Notes
Turn   | Place    | Note
-------+----------+-------------------------------------------
     0 | D:1      | Ijustatesigmund the Demonspawn Berserker began the quest for the Orb.
     0 | D:1      | Reached XP level 1. HP: 18/18 MP: 1/1
   116 | D:1      | Gained mutation: You have sharp fingernails. [demonic ancestry]
   116 | D:1      | Reached XP level 2. HP: 17/24 MP: 2/2
   561 | D:2      | Found a faded altar of an unknown god.
   574 | D:2      | Noticed Ijyb
   574 | D:2      | Noticed Terence
   587 | D:1      | Slain by Ijyb

Vault maps used:
D:1:      minmay_arrival_four_houses, serial_park_tiny_1, kennysheep_nondescript
D:2:      ecumenical_altar_1, first_bread, nrook_mini_vaults, uniq_iyjb,
          uniq_terence

Action                   || total
-------------------------++-------
Melee: Hand axe          ||    33
Invok: Berserk           ||     1
  Use: Scroll            ||     4
Armor: Animal skin       ||     7
Dodge: Dodged            ||    19
